 Dungeon Crawl Stone Soup version 0.18.1-8-gdd0e5ea (webtiles) character file.

2796 George the Destroyer (level 9, -1/45 HPs)
             Began as a Deep Elf Wizard on May 24, 2016.
             Was a Believer of Vehumet.
             Slain by Erolcha
             ... wielding a +0 giant spiked club
              (8 damage)
             ... on level 8 of the Dungeon.
             The game lasted 00:31:45 (10291 turns).

George the Destroyer (Deep Elf Wizard)             Turns: 10291, Time: 00:31:45

Health: -1/45      AC:  5    Str:  4    XL:     9   Next: 43%
Magic:  1/18       EV: 12    Int: 27    God:    Vehumet [**....]
Gold:   311        SH:  0    Dex: 13    Spells: 4 memorised, 8 levels left

rFire  . . .     SeeInvis .     X - staff of energy
rCold  . . .     Gourm    .     a - +0 robe
rNeg   . . .     Faith    .     (no shield)
rPois  .         Spirit   .     b - +1 hat
rElec  .         Dismiss  +     j - +0 cloak
rCorr  .         Reflect  .     (no gloves)
SustAt .         Harm     .     Q - +0 pair of boots
MR     .....                    m - amulet of dismissal
Stlth  +++.......               (no ring)
                                n - ring of stealth

@: not resistant to hostile enchantments, fairly stealthy
A: no striking features
a: Renounce Religion


You were on level 8 of the Dungeon.
You worshipped Vehumet.
Vehumet was pleased with you.
You were near starving.

You visited 2 branches of the dungeon, and saw 9 of its levels.

You collected 311 gold pieces.

Inventory:

Armour
 a - a +0 robe (worn)
 b - a +1 hat (worn)
 j - a +0 cloak (worn)
 Q - a +0 pair of boots (worn)
Magical Staves
 X - an uncursed staff of energy (weapon)
Jewellery
 m - an amulet of dismissal (around neck)
 n - a ring of stealth (left hand)
Wands
 z - a wand of acid (7/15)
 G - a wand of random effects (29/48)
 Z - a wand of digging (10/24)
Scrolls
 o - a scroll of enchant armour
 H - a scroll of fog
 J - a scroll of fear
 P - a scroll of teleportation
Potions
 g - 2 potions of curing
 l - a potion of flight
 r - 4 potions of haste
 t - a potion of cancellation
 x - 2 potions of invisibility
 B - a potion of might
 D - 4 potions of heal wounds
 F - a potion of cure mutation
 L - a potion of brilliance
 N - 2 potions of mutation
 U - a potion of agility
Books
 c - a book of Minor Magic

   Spells                             Type                      Level
   a - Magic Dart                     Conjuration                  1
   b - Blink                          Translocation                2
   c - Call Imp                       Summoning                    2
   d - Repel Missiles                 Charms/Air                   2
   e - Slow                           Hexes                        2
   f - Conjure Flame                  Conjuration/Fire             3
   g - Mephitic Cloud                 Conjuration/Poison/Air       3
 V - a book of the Tempests

   Spells                             Type                      Level
   a - Static Discharge               Conjuration/Air              3
   b - Lightning Bolt                 Conjuration/Air              5
   c - Fireball                       Conjuration/Fire             5
   d - Tornado                        Air                          9
   e - Shatter                        Earth                        9
Comestibles
 d - 4 bread rations
 I - 3 meat rations
 S - a beef jerky
 Y - a slice of pizza


   Skills:
 - Level 2.4 Dodging
 - Level 2.4 Stealth
 - Level 5.0 Spellcasting
 + Level 8.8 Conjurations
   Level 1.1 Summonings
   Level 1.1 Translocations
 - Level 5.0 Fire Magic
 + Level 7.0 Air Magic
 - Level 5.6 Poison Magic


You had 8 spell levels left.
You knew the following spells:

 Your Spells              Type           Power        Failure   Level  Hunger
a - Magic Dart            Conj           ####         1%          1    None
b - Mephitic Cloud        Conj/Pois/Air  #####...     1%          3    None
c - Conjure Flame         Conj/Fire      #####...     1%          3    None
d - Static Discharge      Conj/Air       #####...     1%          3    None


Dungeon Overview and Level Annotations

Branches:
Dungeon (8/15)             Temple (1/1) D:4
   Lair: D:8-11

Altars:
Ashenzari
Cheibriados
Dithmenos
Elyvilon
Fedhas
Gozag
Kikubaaqudgha
Makhleb
Nemelex Xobeh
Okawaru
Pakellas
Qazlal
Ru
Sif Muna
Trog
Vehumet
Xom
Yredelemnul
Zin
The Shining One

Shops:
D:6 ?

Annotations:
D:4 Pikel
D:7 Psyche
D:8 Erolcha


Message History

Erolcha is heavily wounded.
The lightning arcs!
You are struck by lightning.
* * * LOW HITPOINT WARNING * * *
The lightning grounds out.
Erolcha hits you with a giant spiked club.
* * * LOW HITPOINT WARNING * * *
Casting: Static Discharge
Confirm with . or Enter, or press ? or * to list all spells.
Erolcha is struck by lightning.
Erolcha is severely wounded.
The lightning grounds out.
Casting: Static Discharge
Confirm with . or Enter, or press ? or * to list all spells.
Erolcha is struck by lightning.
Erolcha is almost dead.
The lightning arcs!
You are struck by lightning.
* * * LOW HITPOINT WARNING * * *
The lightning grounds out.
Erolcha hits you with a giant spiked club!
You die...

###### ........###..........(...
>....# ........'_#..............
.....# ........###......()......
.....# ................).)......
..<..# ..)####..................
....>#######.....................
......)..........................
..................§......./......
................@O§.........[....
.................................
#####...........................
#...#...........................
#...###'#######################
#...........# ######......#
...†.#......# .....#......#


You could see Erolcha.

Vanquished Creatures
  The ghost of mindo the Magician, a novice HEIE (D:5)
  Grinder (D:5)
  Menkaure (D:6)
  Duvessa (D:5)
  An orc warrior (D:6)
  A phantom (D:7)
  A black bear (D:6)
  An ice beast (D:7)
  3 slaves
  2 ogres
  A sky beast (D:6)
  A necrophage (D:7)
  A centaur (D:6)
  An elf zombie (D:7)
  A big kobold (D:8)
  A giant frog (D:6)
  Dowan (D:5)
  A troll zombie (D:7)
  2 wights (D:7)
  4 howler monkeys
  A crimson imp (D:5)
  A hound (D:5)
  A centaur zombie (D:7)
  2 human zombies (D:7)
  An orc priest (D:7)
  2 giant frog skeletons (D:7)
  An iguana (D:6)
  A centaur skeleton (D:6)
  2 human skeletons (D:7)
  6 worker ants
  3 mummies
  8 adders
  8 gnolls
  3 shadow imps
  An ooze (D:2)
  An adder zombie (D:6)
  A worm (D:2)
  2 dart slugs
  4 giant geckos
  21 orcs
  6 ball pythons
  3 giant cockroaches
  5 goblins
  6 hobgoblins
  9 jackals
  13 kobolds
  2 quokkas
  5 bats
  6 giant newts
  A quokka zombie (D:5)
  9 rats
162 creatures vanquished.

Notes
Turn   | Place    | Note
--------------------------------------------------------------
     0 | D:1      | George the Deep Elf Wizard began the quest for the Orb.
     0 | D:1      | Reached XP level 1. HP: 10/10 MP: 7/7
   280 | D:1      | Reached XP level 2. HP: 15/15 MP: 5/9
   328 | D:1      | Reached skill level 5 in Spellcasting
   595 | D:1      | Reached skill level 2 in Conjurations
  1113 | D:2      | Reached XP level 3. HP: 16/19 MP: 6/11
  1487 | D:2      | Reached skill level 3 in Conjurations
  2085 | D:3      | Reached XP level 4. HP: 24/24 MP: 5/13
  2177 | D:3      | Learned a level 3 spell: Mephitic Cloud
  2398 | D:3      | Found a white marble altar of Elyvilon.
  2458 | D:3      | Found an opulent altar of Gozag.
  2479 | D:3      | Noticed an ogre
  2486 | D:3      | Killed an ogre
  2486 | D:3      | Reached skill level 4 in Conjurations
  2486 | D:3      | Reached skill level 1 in Air Magic
  2486 | D:3      | Reached skill level 1 in Poison Magic
  2486 | D:3      | Reached XP level 5. HP: 28/28 MP: 5/14
  2719 | D:4      | Noticed a slave
  2719 | D:4      | Noticed a slave
  2743 | D:4      | Noticed a slave
  2811 | D:4      | Found a staircase to the Ecumenical Temple.
  2819 | Temple   | Entered the Ecumenical Temple
  2835 | Temple   | Became a worshipper of Vehumet
  2926 | D:4      | Noticed a slave
  2936 | D:4      | Noticed Pikel
  2938 | D:4      | Killed a slave
  3096 | D:3      | Killed a slave
  3253 | D:4      | Killed a slave
  3777 | D:4      | Learned a level 3 spell: Conjure Flame
  3819 | D:4      | Found a deep blue altar of Sif Muna.
  3937 | D:4      | Reached XP level 6. HP: 26/32 MP: 7/15
  4065 | D:5      | Entered Level 5 of the Dungeon
  4242 | D:5      | Reached skill level 5 in Conjurations
  4242 | D:5      | Reached skill level 1 in Fire Magic
  4247 | D:5      | Noticed Grinder
  4288 | D:5      | Killed Grinder
  4288 | D:5      | Reached XP level 7. HP: 19/36 MP: 0/16
  4315 | D:5      | Noticed Duvessa
  4626 | D:5      | Noticed Dowan
  4635 | D:5      | Killed Dowan
  4699 | D:5      | Found a sand-covered staircase.
  4883 | D:5      | Noticed mindo's ghost (novice HEIE)
  4899 | D:5      | Killed mindo's ghost
  4899 | D:5      | Reached skill level 6 in Conjurations
  4985 | D:5      | Killed Duvessa
  4985 | D:5      | Reached XP level 8. HP: 41/41 MP: 0/17
  5018 | D:5      | Found a sacrificial altar of Ru.
  5327 | D:6      | Reached * piety under Vehumet
  5327 | D:6      | Offered knowledge of Sting by Vehumet.
  5982 | D:6      | Reached skill level 5 in Poison Magic
  6165 | D:6      | Noticed Menkaure
  6175 | D:6      | Killed Menkaure
  6175 | D:6      | Reached skill level 7 in Conjurations
  6175 | D:6      | Reached skill level 5 in Air Magic
  6417 | D:6      | Found Qowupt's Magic Scroll Shop.
  6625 | D:6      | Found a stormy altar of Qazlal.
  6626 | D:6      | Found a blossoming altar of Fedhas.
  6761 | D:6      | Found a shattered altar of Ashenzari.
  6934 | D:7      | Found a shadowy altar of Dithmenos.
  6957 | D:7      | Reached skill level 5 in Fire Magic
  6962 | D:7      | Learned a level 3 spell: Static Discharge
  7051 | D:7      | Reached ** piety under Vehumet
  7051 | D:7      | Offered knowledge of Flame Tongue by Vehumet.
  7630 | D:7      | Reached XP level 9. HP: 22/45 MP: 0/18
  8410 | D:7      | Reached skill level 8 in Conjurations
  8968 | D:7      | Found a basalt altar of Yredelemnul.
  9058 | D:8      | Noticed Psyche
  9061 | D:8      | Noticed Erolcha
  9306 | D:8      | Noticed a gargoyle
  9381 | D:8      | Found a shimmering altar of Xom.
 10025 | D:8      | Offered knowledge of Throw Flame by Vehumet.
 10291 | D:8      | Slain by Erolcha

Skill      XL: |  1  2  3  4  5  6  7  8  9 |
---------------+----------------------------+-----
Spellcasting   | 5 |  5.0
Conjurations   | 2 3 4 5 6 7 8 |  8.8
Air Magic      | 1 2 3 4 5 7 |  7.0
Poison Magic   | 1 2 3 4 5 |  5.6
Fire Magic     | 2 3 5 |  5.0
Dodging        | |  2.4
Stealth        | |  2.4
Summonings     | |  1.1
Translocations | |  1.1

Action                   |  1- 3 |  4- 6 |  7- 9 || total
-------------------------+-------+-------+-------++-------
Melee: Dagger            |     1 |       |       ||     1
       Quarterstaff      |       |     1 |       ||     1
       Staff             |       |       |     2 ||     2
 Cast: Magic Dart        |    90 |   123 |   425 ||   638
       Mephitic Cloud    |       |     6 |     7 ||    13
       Conjure Flame     |       |       |    21 ||    21
       Static Discharge  |       |       |    24 ||    24
Evoke: Wand              |       |       |     1 ||     1
       Staff of energy   |       |       |     2 ||     2
  Use: Scroll            |       |    18 |     7 ||    25
 Stab: Sleeping          |     1 |       |       ||     1
  Eat: Chunk             |     3 |     7 |    14 ||    24
       Fruit             |       |       |     3 ||     3
Armor: Robe              |     3 |       |    25 ||    28
Dodge: Dodged            |    12 |     9 |    79 ||   100
